 Dungeon Crawl Stone Soup version 0.31-a0-1091-g283494c966 (webtiles) character file.

Game seed: 1376965239712776122

10 TheLordTroll the Trooper (level 2, 0/4 HPs)
             Began as a Minotaur Fighter on Nov 28, 2023.
             Slain by a goblin
             ... wielding a +0 dagger
              (4 damage)
             ... on level 1 of the Dungeon.
             The game lasted 00:03:11 (323 turns).

TheLordTroll the Trooper (Minotaur Fighter)          Turns: 323, Time: 00:03:12

Health: 0/4        AC:  1    Str: 30    XL:     2   Next: 10%
Magic:  1/1        EV:  7    Int:  5    God:
Gold:   0          SH:  0    Dex:  9    Spells: 1/1 levels left

rFire   + + .        a - melded +0 long sword
rCold   x . .        e - melded +0 kite shield
rNeg    . . .        b - melded +0 scale mail
rPois   +            (helmet currently unavailable)
rElec   .            (cloak currently unavailable)
rCorr   .            (gloves currently unavailable)
SInv    .            (boots currently unavailable)
Will    .....        (no amulet)
Stlth   +            (no ring)
HPRegen 0.20/turn    (no ring)
MPRegen 0.07/turn

%: no passive effects
@: dragon-form, flying
A: dragon claw, dragon scales, breathe fire, flying, reduced hp, giant, (horns
2), (retaliatory headbutt)
a: Breathe Fire, Begin Untransformation


You were on level 1 of the Dungeon.
You were a fearsome dragon!
You visited 1 branch of the dungeon, and saw 1 of its levels.

Inventory:

Hand Weapons
 a - a +0 long sword (melded)
Missiles
 h - 11 poisoned darts
Armour
 b - a +0 scale mail (melded)
 c - a +0 buckler
 e - a +0 kite shield (melded)
Talismans
 i - a dragon-blood talisman (active)
Scrolls
 f - a scroll of identify {unknown}
Potions
 d - a potion of might
 g - a potion of lignification {unknown}


   Skills:
 * Level 4.0 Fighting
 * Level 2.6 Long Blades
 + Level 3.8 Armour
 + Level 3.8 Shields


You had one spell level left.
You didn't know any spells.
Your spell library was empty.

Dungeon Overview and Level Annotations

Branches:
Dungeon (1/15)

Altars:


Innate Abilities, Weirdness & Mutations

You are a fearsome dragon!
You have a powerful clawing attack.
Your giant scaled body is strong and resilient, but less evasive.
You can breathe fire.
You are flying.
Your maximum health is decreased, since you lack skill for your form.
Your armour is entirely melded.
You are incapable of wielding weapons or throwing items.
((You have a pair of horns on your head.))
((You reflexively headbutt those who attack you in melee.))


Message History

You completely miss the kobold. The kobold hits you but does no damage.
You barely miss the kobold. Your headbutt misses the kobold.
The kobold hits you but does no damage.
You hit the kobold. You headbutt the kobold.
You kill the kobold!
Your Fighting skill increases to level 4!
You have reached level 2!
You see here 5 poisoned darts.
h - 5 poisoned darts
There are no items here.
h - 11 poisoned darts (gained 6)
You see here a dragon-blood talisman.
i - a dragon-blood talisman You begin transforming.
You continue transforming. x3
You turn into a fearsome dragon!
Your +0 long sword melds into your body.
Your +0 kite shield melds into your body.
Your +0 scale mail melds into your body.
You see here a +0 whip.
Found a stone staircase leading down.
Found 5 gold pieces and a glowing clear potion.
You reach down and open the door.
A ball python and a gnoll come into view.
A hobgoblin and a goblin come into view.
The goblin shouts!
The goblin moves out of view.
There is an open door here.
A quokka comes into view.
The gnoll shouts!
The ball python bites you.
There is an open door here.
You hit the ball python but do no damage.
You tail-slap the ball python.
You kill the ball python!
The goblin hits you but does no damage.
You hit the goblin.
The goblin is moderately wounded.
The goblin hits you with a +0 dagger.
Ouch! That really hurt!
You die...

..!.$ #........
....###........
.....#......#
...##..g...#
..##......#
######.#
......#
#......###g..#
#.>.....Dgg..+
#
#..#.#####...#
. #....# #...#
#.#..### #####
######## #.#..#
#.......
#.#....#
#.#.####
#......#
#.##.#..
######.#
#.#.#.## #.#
#.#.#.#.


You could see a gnoll, a hobgoblin and a goblin.

Vanquished Creatures
  A dart slug (D:1)
  A ball python (D:1)
  An endoplasm (D:1)
  A goblin (D:1)
  A kobold (D:1)
  2 bats (D:1)
  A frilled lizard (D:1)
8 creatures vanquished.

Notes
Turn   | Place    | Note
-------+----------+-------------------------------------------
     0 | D:1      | TheLordTroll the Minotaur Fighter began the quest for the
                  | Orb.
     0 | D:1      | Reached XP level 1. HP: 19/19 MP: 0/0
   265 | D:1      | Reached skill level 4 in Fighting
   265 | D:1      | Reached XP level 2. HP: 27/27 MP: 1/1
   323 | D:1      | Slain by a goblin

Illustrated notes

Levels and vault maps discovered:
D:1:      matt_arrival_los_fun, layout_basic

Skill      XL: |  1 |
---------------+----+-----
Fighting       | 4 |  4.0
Long Blades    | |  2.6
Armour         | |  3.8
Shields        | |  3.8

Action                     || total
---------------------------++-------
  Melee: Long sword        ||    15
         Headbutt          ||     6
         Unarmed           ||     2
         Tailslap          ||     1
 Armour: Scale mail        ||    10
         Skin              ||     3
  Dodge: Dodged            ||     4
  Block: Buckler           ||     4
         Kite shield       ||     3
   Form: Dragon            ||     1

Table legend: (Time is in decaauts)
 A = Elapsed time spent in this place.
 B = Non-inter-level travel time spent in this place.
 C = Inter-level travel time spent in this place.
 D = Time resting spent in this place.
 E = Time spent auto-exploring this place.
 F = Levels seen in this place.
 G = Mean time per level.
                   A        B        C        D        E       F      G
               +--------+--------+--------+--------+--------+-----+--------+
         Total |    328 |    304 |     24 |      0 |    142 |   1 |  328.0 |
       Dungeon |    328 |    304 |     24 |      0 |    142 |   1 |  328.0 |
               +--------+--------+--------+--------+--------+-----+--------+

Top non-repeatable levels by time:
     D:1: 328 daAuts
